 Dungeon Crawl Stone Soup version 0.30-a0-782-ge64f9170bb (webtiles) character file.

Game seed: 13382422263905268715

116326 tilp the Spry (level 17, -26/158 HPs)
             Began as a Meteoran Fighter on Mar 11, 2023.
             Was the Champion of Okawaru.
             Annihilated by a radroach (56 damage)
             ... on level 3 of the Spider Nest on Mar 13, 2023.
             The game lasted 01:06:38 (12483 turns).

tilp the Spry (Meteoran Fighter)                   Turns: 12483, Time: 01:06:39

Health: -26/158    AC: 31    Str: 27    XL:     17   Next: 85%
Magic:  21/27      EV: 18    Int: 13    God:    Okawaru [******]
Gold:   1615       SH:  9    Dex: 33    Spells: 16/16 levels left

rFire   . . .      SeeInvis +    a - +1 scimitar (flame)
rCold   . . .      Faith    .    c - +0 buckler
rNeg    . . .      Spirit   .    w - +0 crystal plate armour of Wrong Decisions {rCorr Int+3}
rPois   +          Reflect  .    N - +0 mask of the Dragon {Will+ Slay+3 SInv}
rElec   .          Harm     .    X - +2 cloak of the Furrier {Rampage Drain rPois Str+8}
rCorr   +          Rampage  +    R - +2 pair of gloves {infuse}
Will    +++..                    m - +2 pair of boots Stlth
                                 q - amulet of the acrobat
HPRegen 0.46/turn                j - +6 ring of dexterity
MPRegen 0.20/turn                Y - +6 ring of dexterity

@: contaminated, glowing, unable to drink
A: sense surroundings 2, otherworldly, glowing, explore regen, mutation
resistance 1, inability to drink after injury 1
a: Renounce Religion, Heroism, Finesse, Duel


You were on level 3 of the Spider Nest.
You worshipped Okawaru.
Okawaru was exalted by your worship.
You visited 5 branches of the dungeon, and saw 26 of its levels.
You visited the Abyss 1 time.
You also visited: Gauntlet and Ice Cave.

You collected 3037 gold pieces.
You spent 1422 gold pieces at shops.

Inventory:

Hand Weapons
 a - a +1 scimitar of flaming (weapon)
 b - a +2 antimagic scimitar
Missiles
 d - 9 javelins
 k - 18 poisoned darts
 o - 2 boomerangs (quivered)
 u - 6 curare-tipped darts
 H - 7 silver boomerangs
 L - 4 throwing nets {!f}
 O - 12 atropa-tipped darts
 P - 4 datura-tipped darts
 Q - 2 silver javelins
Armour
 c - a +0 buckler (worn)
 f - +0 fire dragon scales
 m - a +2 pair of boots (worn)
 w - the +0 crystal plate armour of Wrong Decisions (worn) {rCorr Int+3}
   (Okawaru gifted it to you on level 5 of the Lair of Beasts)

   Int:       It affects your intelligence (+3).
   rCorr:     It protects you from acid and corrosion.
 N - the +0 mask of the Dragon (worn) {Will+ Slay+3 SInv}
   (You found it on level 13 of the Dungeon)

   Slay:      It affects your accuracy & damage with ranged weapons and melee
   (+3).
   SInv:      It lets you see invisible.
   Will:      It increases your willpower.
 R - a +2 pair of gloves of infusion (worn)
 X - the +2 cloak of the Furrier (worn) {Rampage Drain rPois Str+8}
   (You found it on level 13 of the Dungeon)

   Str:       It affects your strength (+8).
   rPois:     It protects you from poison.
   Drain:     It drains your maximum health when unequipped.
   Rampage:   It bestows one free step when moving towards enemies.
Jewellery
 h - an amulet of guardian spirit
 j - a +6 ring of dexterity (left hand)
 q - an amulet of the acrobat (around neck)
 z - a ring of positive energy
 D - a ring of ice
 K - a ring of flight
 U - a ring of fire
 Y - a +6 ring of dexterity (right hand)
Wands
 p - a wand of quicksilver (5)
 r - a wand of flame (41)
 t - a wand of mindburst (10)
 I - a wand of roots (23)
 J - a wand of digging (1)
Scrolls
 e - 2 scrolls of torment
 i - a scroll of poison
 x - 3 scrolls of fog
 y - 6 scrolls of blinking
 A - 3 scrolls of teleportation
 B - 6 scrolls of immolation
 C - 5 scrolls of identify
 M - a scroll of enchant armour
 W - a scroll of magic mapping
 Z - a scroll of silence
Potions
 g - a potion of lignification
 l - 13 potions of curing
 s - 4 potions of flight
 v - 3 potions of heal wounds
 E - a potion of cancellation
 F - 3 potions of haste
 G - 5 potions of attraction
 V - 2 potions of might
Miscellaneous
 n - a condenser vane
 T - a lightning rod (4/4)


   Skills:
 * Level 15.9 Fighting
 + Level 14.6 Long Blades
 + Level 9.2 Throwing
 + Level 10.9 Armour
 * Level 16.1 Dodging
 - Level 8.0 Shields
 + Level 12.9 Invocations
 + Level 9.1 Evocations


You had 16 spell levels left.
You didn't know any spells.
Your spell library was empty.

Dungeon Overview and Level Annotations

Branches:
Dungeon (15/15) Zot: 1308  Temple (1/1) D:6 Zot: 567    Lair (5/5) D:10 Zot: 977
  Swamp (0/4) Lair:3       Spider (3/4) Lair:2 Zot: 1573     Orc (2/2) D:12 Zot: 350
 Depths (0/4) D:15          IceCv (visited)         Gauntlet (visited)
  Slime: Lair:4-5       Elf: Orc:2       Vaults: D:13-14

Altars:
Ashenzari
Cheibriados
Dithmenos
Elyvilon
Gozag
Hepliaklqana
Nemelex Xobeh
Okawaru
Qazlal
Ru
Sif Muna
Trog
Uskayaw
Xom
Yredelemnul
Zin
The Shining One

Shops:
D:5 *   D:7 !   Orc:2 [=[*

Annotations:
D:13 (mask of the dragon)
Lair:2 1 runed translucent door, Maiprargh's ghost, journeyman DsIE


Innate Abilities, Weirdness & Mutations

You passively map the area around you.
You are easily found by Zot.
You glow in the dark.
You regain HP and MP as you explore.
You are somewhat resistant to further mutation.
You occasionally lose the ability to drink potions when taking damage.


Message History

You slice the radroach!! You burn the radroach.
The radroach is heavily wounded.
The radroach bites you but does no damage.
The radroach misses you.
You hit the radroach but do no damage.
The radroach is heavily wounded.
The radroach erupts in a fountain of uncontrolled magic!
You are blasted with magical radiation!!
You are very lightly contaminated with residual magic.
You slash the radroach! You burn the radroach.
The radroach is severely wounded.
You barely miss the radroach.
The radroach is severely wounded.
The radroach bites you.
The radroach claws you but does no damage.
You hit the radroach but do no damage.
The radroach is severely wounded.
The radroach bites you. The radroach claws you!
You slash the radroach! You burn the radroach.
The radroach is almost dead.
You completely miss the radroach.
The radroach is almost dead.
The radroach erupts in a fountain of uncontrolled magic!
You are blasted with magical radiation!!!
You are contaminated with residual magic.
You are too injured to fight recklessly!
You are too injured to fight recklessly!
You are too injured to fight recklessly!
You are too injured to fight recklessly!
You hit the radroach but do no damage.
The radroach is almost dead.
The radroach erupts in a fountain of uncontrolled magic!
You are blasted with magical radiation!!!
You feel threatened and lose the ability to drink potions!
* * * LOW HITPOINT WARNING * * *
You slash the radroach! You burn the radroach.
The radroach is almost dead.
The radroach erupts in a fountain of uncontrolled magic!
You are blasted with magical radiation!!!
You die...

...# , , * ..#######
*, ^ *#^ ** *
....#...# , , .. , *
#.......##, * .. , **
#.^.^##..# , .## *
#..###..##### s. ,,
##..#.......## .## *
.#####.#.....####B.#*
...#####..#..##.@..#
* #...# ####..##....#
#..## #...####..##
...# #..........#
...# ##........##
.### ###..#..## ##
####### # #*


You could see a radroach and an orb spider.

Vanquished Creatures
  Jorgrun (D:14)
  A tentacled starspawn (Abyss:2)
  Agnes (D:14)
  A tengu reaver (D:13)
  Gastronok (Lair:2)
  A war gargoyle (D:13)
  An ophan (Abyss:2)
  A green death (Abyss:2)
  A fire dragon (Lair:5)
  3 rakshasas
  8 hydras
  An ogre mage (D:15)
  6 boulder beetles
  6 centaur warriors
  5 two-headed ogres
  Sonja (Lair:2)
  A wretched star (Abyss:2)
  A spatial maelstrom (Abyss:2)
  An orb spider (Spider:1)
  A skyshark (Lair:5)
  Pikel (D:5)
  2 steelbarb worms (Spider:1)
  A swamp dragon (Lair:5)
  5 bog bodies
  A wizard (D:14)
  4 orc knights
  7 deep elf pyromancers
  3 wolf spiders
  5 manticores
  A worldbinder (Abyss:2)
  A moth of wrath (shapeshifter) (D:15)
  A cyclops (D:12)
  4 elephants (Lair:5)
  5 ugly things
  Maurice (D:10)
  7 black mambas
  2 smoke demons (Abyss:2)
  A torpor snail (Lair:5)
  2 gargoyles (D:12)
  2 rime drakes
  4 cane toads
  4 komodo dragons
  An efreet (D:14)
  An unseen horror (D:12)
  3 tengu conjurers (D:13)
  An anaconda simulacrum (IceCv)
  An ancient zyme (Abyss:2)
  10 polar bears (Lair:5)
  6 trolls
  5 tarantellas
  7 raiju
  A tarantella (shapeshifter) (D:15)
  13 blink frogs
  5 dream sheep (Lair:5)
  A centaur simulacrum (D:13)
  An ice dragon skeleton (Abyss:2)
  A jumping spider (Spider:3)
  17 slime creatures
  4 small abominations (Abyss:2)
  Sigmund (D:4)
  2 shadows
  2 wraiths (D:12)
  2 ynoxinuls (Abyss:2)
  9 large abominations (Abyss:2)
  A dire elephant simulacrum (IceCv)
  A vampire (D:13)
  2 wyverns
  38 yaks
  7 basilisks
  2 fire bats (Abyss:2)
  A steam dragon (shapeshifter) (Abyss:2)
  3 chaos spawn (Abyss:2)
  3 redbacks
  2 neqoxecs (Abyss:2)
  6 steam dragons
  7 vampire mosquitoes
  4 death yak simulacra (IceCv)
  A spatial vortex (Abyss:2)
  2 acid dragons (D:13)
  12 wargs
  4 harpy simulacra (IceCv)
  2 swamp worms (Lair:3)
  A hydra simulacrum (IceCv)
  10 water moccasins
  13 hell hounds (Lair:5)
  The ghost of emiel the Sneak, an amateur KoEE (D:3)
  2 swamp drakes (Lair:5)
  30 orc warriors
  15 black bears
  2 sky beasts
  A swamp drake (shapeshifter) (D:13)
  4 ogres
  24 wolves
  A boggart (D:13)
  5 centaurs
  6 starcursed masses (Abyss:2)
  A phantom (D:5)
  A kobold brigand (D:9)
  5 bullfrogs
  2 scorpions
  3 two-headed ogre simulacra (IceCv)
  3 wights (D:6)
  A cane toad simulacrum (IceCv)
  An elephant simulacrum (IceCv)
  12 killer bees
  2 electric eels
  6 howler monkeys
  5 crimson imps (Abyss:2)
  4 jellies
  A lava snake (D:12)
  2 quasits (Abyss:2)
  A hound (D:5)
  A gnoll bouda (D:8)
  15 orc priests
  2 iron imps (Abyss:2)
  4 iguanas
  Ijyb (D:5)
  13 orc wizards
  7 hell rats (Lair:4)
  8 troll simulacra
  11 spriggan simulacra
  2 polar bear simulacra (IceCv)
  A wolf simulacrum (IceCv)
  9 gnolls
  5 adders
  6 naga simulacra
  A river rat (D:3)
  2 shadow imps
  10 white imps
  6 ufetubi
  3 worms
  46 orcs
  3 ball pythons
  A bat (D:2)
  6 endoplasms
  5 giant cockroaches
  2 goblins
  2 hobgoblins (D:3)
  5 jackals
  3 kobolds (D:9)
  5 quokkas
  2 frilled lizards
  5 rats
  A butterfly (D:14)
  A lurking horror (Abyss:2)
658 creatures vanquished.

Vanquished Creatures (others)
  A deep elf pyromancer (D:15)
  A troll (shapeshifter) (Abyss:2)
  A wolf (Lair:5)
  A demonic plant (Gauntlet)
  8 fungi
  A lurking horror (Abyss:2)
  33 plants
  8 starspawn tentacles (Abyss:2)
54 creatures vanquished.

Grand Total: 712 creatures vanquished

Notes
Turn   | Place    | Note
-------+----------+-------------------------------------------
     0 | D:1      | tilp the Meteoran Fighter began the quest for the Orb.
     0 | D:1      | Reached XP level 1. HP: 19/19 MP: 2/2
     0 | D:1      | Noticed a jelly
     3 | D:1      | Found a runed translucent door.
   100 | D:2      | Reached XP level 2. HP: 24/26 MP: 3/3
   149 | D:2      | Reached skill level 1 in Dodging
   224 | D:3      | Reached XP level 3. HP: 31/31 MP: 4/4
   303 | D:3      | Reached XP level 4. HP: 6/40 MP: 5/5
   424 | D:2      | Reached skill level 2 in Dodging
   510 | D:3      | Found a runed translucent door.
   512 | D:3      | Noticed emiel's ghost (amateur KoEE)
   514 | D:3      | Noticed a bullfrog
   841 | D:4      | Noticed Sigmund
   851 | D:4      | Killed Sigmund
   852 | D:4      | Reached XP level 5. HP: 28/46 MP: 3/6
   852 | D:4      | Reached XP level 6. HP: 31/52 MP: 3/7
   860 | D:5      | Entered Level 5 of the Dungeon
   860 | D:5      | Noticed a water moccasin
   864 | D:5      | Killed a water moccasin
   865 | D:5      | Reached skill level 1 in Throwing
   865 | D:5      | Reached XP level 7. HP: 34/60 MP: 3/8
  1329 | D:4      | Identified the +5 scale mail of Kienn {rF+ rN+ Dex+5
                  | Slay-6}
  1477 | D:5      | Noticed a water moccasin
  1485 | D:5      | Killed a water moccasin
  1486 | D:5      | Reached skill level 5 in Fighting
  1486 | D:5      | Reached skill level 3 in Dodging
  1534 | D:5      | Identified a scroll of acquirement
  1534 | D:5      | Acquired 809 gold pieces
  1566 | D:5      | Found Jalaphu's Gadget Gallery.
  1696 | D:5      | Reached XP level 8. HP: 58/68 MP: 5/9
  1769 | D:5      | Noticed Ijyb
  1786 | D:5      | Killed Ijyb
  1862 | D:5      | Reached skill level 4 in Dodging
  1888 | D:5      | Noticed Pikel
  1910 | D:5      | Killed Pikel
  1911 | D:5      | Gained mutation: You passively map the area around you.
                  | [Meteoran growth]
  1911 | D:5      | Reached XP level 9. HP: 10/79 MP: 1/10
  2060 | D:6      | Reached skill level 5 in Dodging
  2182 | D:7      | Found a hazy altar of Hepliaklqana.
  2209 | D:6      | Found a staircase to the Ecumenical Temple.
  2238 | Temple   | Entered the Ecumenical Temple
  2254 | Temple   | Became a worshipper of Warmaster Okawaru
  2356 | D:7      | Found Sekol's Distillery.
  2370 | D:7      | Bought a potion of cancellation for 120 gold pieces
  2370 | D:7      | Bought a potion of curing for 45 gold pieces
  2370 | D:7      | Bought a potion of heal wounds for 75 gold pieces
  2370 | D:7      | Bought a potion of haste for 150 gold pieces
  2370 | D:7      | Bought 2 potions of attraction for 90 gold pieces
  2370 | D:7      | Bought a potion of curing for 45 gold pieces
  2404 | D:7      | Reached skill level 10 in Long Blades
  2445 | D:8      | Reached skill level 6 in Dodging
  2470 | D:8      | Found a stormy altar of Qazlal.
  2514 | D:8      | Reached * piety under Okawaru
  2515 | D:8      | Reached skill level 1 in Invocations
  2515 | D:8      | Reached skill level 1 in Evocations
  2705 | D:8      | Found a glowing silver altar of Zin.
  2721 | D:8      | Reached XP level 10. HP: 88/88 MP: 10/12
  3159 | D:10     | Entered Level 10 of the Dungeon
  3159 | D:10     | Found a staircase to the Lair.
  3345 | D:9      | Reached ** piety under Okawaru
  3359 | D:9      | Reached skill level 5 in Armour
  3638 | D:11     | Noticed a boulder beetle
  3678 | D:11     | Killed a boulder beetle
  3679 | D:11     | Reached skill level 7 in Dodging
  3679 | D:11     | Reached skill level 5 in Invocations
  3679 | D:11     | Reached XP level 11. HP: 56/95 MP: 12/16
  3686 | D:11     | Found a frozen archway.
  3714 | IceCv    | Entered an ice cave
  3783 | IceCv    | Reached *** piety under Okawaru
  4192 | IceCv    | Noticed an ice statue
  4202 | IceCv    | Glimpsed the power of Zot.
  4210 | IceCv    | Noticed a bog body
  4210 | IceCv    | Noticed a bog body
  4218 | IceCv    | Killed a bog body
  4221 | IceCv    | Reached **** piety under Okawaru
  4230 | IceCv    | Killed a bog body
  4231 | IceCv    | Reached skill level 8 in Dodging
  4262 | IceCv    | Glimpsed the power of Zot.
  4352 | D:10     | Found a bloodstained altar of Trog.
  4354 | D:10     | Found a sacrificial altar of Ru.
  4378 | D:10     | Found a basalt altar of Yredelemnul.
  4379 | D:10     | Found a glowing golden altar of the Shining One.
  4379 | D:10     | Found a shimmering blue altar of Sif Muna.
  4379 | D:10     | Found a snail-covered altar of Cheibriados.
  4380 | D:10     | Found a hide-covered altar of Uskayaw.
  4382 | D:10     | Found a sparkling altar of Nemelex Xobeh.
  4504 | D:10     | Reached ***** piety under Okawaru
  4631 | D:10     | Noticed Maurice
  4637 | D:10     | Killed Maurice
  4638 | D:10     | Reached XP level 12. HP: 105/105 MP: 19/19
  4734 | D:10     | Noticed a two-headed ogre
  4740 | D:10     | Killed a two-headed ogre
  4947 | D:11     | Reached skill level 10 in Fighting
  4950 | D:11     | Reached skill level 9 in Dodging
  5065 | D:12     | Noticed a deep elf pyromancer
  5065 | D:12     | Noticed a deep elf pyromancer
  5075 | D:12     | Killed a deep elf pyromancer
  5083 | D:12     | Killed a deep elf pyromancer
  5083 | D:12     | Received a gift from Okawaru
  5244 | D:12     | Found a gate leading to a gauntlet.
  5249 | Gauntlet | Entered a Gauntlet
  5249 | Gauntlet | Found a transporter.
  5257 | Gauntlet | Found a transporter.
  5259 | Gauntlet | Found a transporter.
  5260 | Gauntlet | Found a transporter.
  5268 | Gauntlet | Found a transporter.
  5271 | Gauntlet | Found a transporter.
  5272 | Gauntlet | Found a transporter.
  5280 | Gauntlet | Found a transporter.
  5283 | Gauntlet | Found a transporter.
  5284 | Gauntlet | Found a transporter.
  5286 | Gauntlet | Noticed a death scarab
  5290 | Gauntlet | Noticed a death scarab
  5292 | Gauntlet | Found a transporter.
  5295 | Gauntlet | Found a transporter.
  5296 | Gauntlet | Found a transporter.
  5301 | Gauntlet | Noticed an entropy weaver
  5304 | Gauntlet | Found a transporter.
  5438 | D:12     | Received a gift from Okawaru
  5439 | D:12     | Reached skill level 10 in Dodging
  5603 | D:12     | HP: 2/106 [large slime creature (7)]
  5611 | D:12     | HP: 4/106 [large slime creature (22)]
  5681 | D:12     | Found a staircase to the Orcish Mines.
  5697 | Orc:1    | Entered Level 1 of the Orcish Mines
  5741 | Orc:2    | Entered Level 2 of the Orcish Mines
  5912 | Orc:2    | Noticed a centaur warrior
  5919 | Orc:2    | Noticed a centaur warrior
  5922 | Orc:2    | Received a gift from Okawaru
  5928 | Orc:2    | Killed a centaur warrior
  5929 | Orc:2    | Reached XP level 13. HP: 93/114 MP: 14/20
  5937 | Orc:2    | Killed a centaur warrior
  5943 | Orc:2    | Reached skill level 5 in Throwing
  5959 | Orc:2    | Received a gift from Okawaru
  5966 | Orc:2    | Noticed a centaur warrior
  5970 | Orc:2    | Reached skill level 5 in Shields
  5970 | Orc:2    | Reached skill level 5 in Evocations
  5978 | Orc:2    | Killed a centaur warrior
  5978 | Orc:2    | Received a gift from Okawaru
  6034 | Orc:2    | Found Qufintaga's Jewellery Shop.
  6034 | Orc:2    | Found Qulij's Armour Shoppe.
  6036 | Orc:2    | Found Xidos's Assorted Antiques.
  6038 | Orc:2    | Found Yleceipp's Armour Boutique.
  6047 | Orc:2    | Bought a potion of curing for 105 gold pieces
  6047 | Orc:2    | Bought a pair of embroidered gloves for 262 gold pieces
  6047 | Orc:2    | Bought a scroll of enchant armour for 262 gold pieces
  6061 | Orc:2    | Bought a ring of flight for 210 gold pieces
  6063 | Orc:2    | Bought a +0 cloak for 58 gold pieces
  6302 | Orc:1    | Received a gift from Okawaru
  6446 | Orc:1    | Reached skill level 10 in Invocations
  6637 | D:12     | Found an opulent altar of Gozag.
  6644 | D:12     | Noticed a boulder beetle
  6856 | D:13     | Noticed a boulder beetle
  6869 | D:13     | Killed a boulder beetle
  6969 | D:13     | Found the +0 mask of the Dragon {Will+ Slay+3 SInv}
  6976 | D:13     | Found a transporter.
  6976 | D:13     | Noticed a war gargoyle
  6980 | D:13     | Noticed a centaur warrior
  6982 | D:13     | Noticed a tengu reaver
  6998 | D:13     | Noticed a boulder beetle
  7003 | D:13     | Found a transporter.
  7012 | D:13     | Reached skill level 11 in Dodging
  7025 | D:13     | Identified the +2 cloak of the Furrier {Rampage Drain rPois
                  | Str+8}
  7053 | D:14     | Noticed Jorgrun
  7251 | D:13     | Noticed a two-headed ogre
  7317 | D:14     | Gained mutation: You occasionally lose the ability to drink
                  | potions when taking damage. [potion of mutation]
  7317 | D:14     | Gained mutation: You are weak. (Str -2) [potion of
                  | mutation]
  7317 | D:14     | Gained mutation: You sometimes lose your temper in combat.
                  | [potion of mutation]
  7324 | D:14     | Killed Jorgrun
  7324 | D:14     | Reached ****** piety under Okawaru
  7325 | D:14     | Reached XP level 14. HP: 118/125 MP: 18/23
  7337 | D:14     | Lost mutation: You sometimes lose your temper in combat.
                  | [potion of mutation]
  7337 | D:14     | Lost mutation: You are weak. (Str -2) [potion of mutation]
  7337 | D:14     | Gained mutation: Your spells are a little easier to cast,
                  | but a little less powerful. [potion of mutation]
  7337 | D:14     | Gained mutation: Armour fits poorly on your strangely
                  | shaped body. [potion of mutation]
  7337 | D:14     | Gained mutation: You are somewhat resistant to further
                  | mutation. [potion of mutation]
  7338 | D:14     | Lost mutation: Armour fits poorly on your strangely shaped
                  | body. [potion of mutation]
  7338 | D:14     | Lost mutation: Your spells are a little easier to cast, but
                  | a little less powerful. [potion of mutation]
  7508 | Lair:1   | Entered Level 1 of the Lair of Beasts
  7558 | Lair:1   | Received a gift from Okawaru
  7642 | Lair:3   | Found a staircase to the Swamp.
  7651 | Lair:3   | Received a gift from Okawaru
  7653 | Lair:3   | Reached skill level 12 in Dodging
  7779 | Lair:2   | Found a runed translucent door.
  7780 | Lair:2   | Found a shimmering altar of Xom.
  7780 | Lair:2   | Noticed Maiprargh's ghost (journeyman DsIE)
  7780 | Lair:2   | Identified the +1 morningstar of Fueke {chaos, rC- rCorr
                  | Dex+4 SInv}
  7861 | Lair:2   | Noticed Gastronok
  7880 | Lair:2   | Killed Gastronok
  7885 | Lair:2   | Reached XP level 15. HP: 125/135 MP: 1/25
  7950 | Lair:2   | Noticed Sonja
  7964 | Lair:2   | Killed Sonja
  8058 | Lair:2   | Received a gift from Okawaru
  8090 | Lair:2   | Found a hole to the Spider Nest.
  8299 | Lair:5   | Entered Level 5 of the Lair of Beasts
  8345 | Lair:5   | Reached XP level 16. HP: 90/144 MP: 4/26
  8511 | Lair:5   | Reached skill level 13 in Dodging
  8628 | Lair:5   | Received a gift from Okawaru
  8776 | Lair:5   | Identified the +0 crystal plate armour of Wrong Decisions
                  | {rCorr Int+3} (Okawaru gifted it to you on level 5 of the
                  | Lair of Beasts)
  8776 | Lair:5   | Received a gift from Okawaru
  8777 | Lair:5   | Reached skill level 10 in Armour
  9065 | Lair:5   | Identified the ring of Lugonu's Regard {rCorr Dex+3 SInv}
  9176 | Lair:5   | Reached skill level 15 in Fighting
  9194 | Lair:5   | Reached skill level 14 in Dodging
  9752 | D:14     | Noticed Agnes
  9766 | D:14     | Killed Agnes
  9814 | D:14     | Reached skill level 15 in Dodging
  9874 | D:14     | Found a sparkling altar of Nemelex Xobeh.
  9933 | Abyss:2  | Cast into level 2 of the Abyss (a wizard)
 10094 | Abyss:2  | Noticed a tentacled starspawn
 10130 | Abyss:2  | HP: 5/149 [starcursed mass/accursed screaming (8)]
 10235 | Abyss:2  | Received a gift from Okawaru
 10306 | Abyss:2  | Reached XP level 17. HP: 114/156 MP: 8/27
 10365 | Abyss:2  | Killed a tentacled starspawn
 10677 | D:14     | Escaped the Abyss
 10696 | D:15     | Entered Level 15 of the Dungeon
 10883 | D:15     | Identified the +2 ring mail of the Lumpy Lives {rPois}
                  | (Okawaru gifted it to you on level 15 of the Dungeon)
 10883 | D:15     | Received a gift from Okawaru
 11021 | D:15     | Found a staircase to the Depths.
 11075 | D:14     | Found a white marble altar of Elyvilon.
 11600 | D:3      | Killed emiel's ghost
 11613 | D:3      | Found a runed translucent door.
 11967 | D:13     | Reached skill level 16 in Dodging
 11981 | D:13     | Killed a tengu reaver
 12243 | Spider:1 | Entered Level 1 of the Spider Nest
 12483 | Spider:3 | Annihilated by a radroach

Illustrated notes

Levels and vault maps discovered:
D:1:      dpeg_arrival_caged_fury, layout_basic, kennysheep_boxes
D:2:      layout_basic, uniq_crazy_yiuf_cottage, uniq_jessica, uniq_terence
D:3:      layout_loops_cross, ebering_ghost_sewer_f, minivault_25
D:4:      layout_loops_ring, uniq_sigmund
D:5:      layout_gridville, nicolae_shop_gadgets, uniq_pikel, uniq_ijyb
D:6:      layout_basic, temple_pool_b
D:7:      layout_cave_pools, mainiacjoe_overflow_24_doors, serial_shops,
          nicolae_stop_n_shop_1, nicolae_shop_trees
D:8:      layout_basic, lemuel_crystal_altar, zin_statuary
D:9:      layout_loops_ring
D:10:     layout_stronghold, minitemple, lair_entry_dummy, minivault_19,
          kennysheep_generic_room_9, uniq_maurice
D:11:     layout_stronghold, portal_ice_cave_entry_ice_simulacra
D:12:     layout_loops_ring, orc_0_dummy, gauntlet_entry_generic,
          kennysheep_big_empty_room, minivault_1, kennysheep_diamond,
          billiards_dpeg
D:13:     gammafunk_the_bubble [the_bubble_gammafunk_grid],
          layout_irregular_city
D:14:     layout_long_grid, ximxim_vaults_locker_room,
          nicolae_elyvilon_peaceful_grove, nemelex_lonely_heart_becter,
          uniq_jorgrun, uniq_agnes
D:15:     hangedman_depths_entry_try_elsewhere_first, layout_loops_ring,
          nicolae_kite_square_tiling_tiny, einodemon_barbed_minivault
Temple:   jpeg_temple_clearing
Lair:1:   hellmonk_ruined_rings, layout_loops_ring
Lair:2:   layout_long_grid, spider_nest_entry_a, ebering_ghost_xom,
          eino_house_with_fridge, serial_bayou_shore_a, uniq_gastronok,
          uniq_sonja
Lair:3:   statuecave_lemuel, layout_cave_pods,
          nicolae_swamp_entry_splash_gauntlet
Lair:4:   layout_misc_corridors, slime_entry_1
Lair:5:   hangedman_lair_caniforms_friends, layout_cave_pods,
          guppyfry_lair_end_dragon, minmay_shattered_shrine
Spider:1: layout_spider_delve
Spider:2: layout_spider_delve
Spider:3: layout_spider_delve, gammafunk_ghost_necromancy
Orc:1:    layout_caves, nooodl_orcs_dogs
Orc:2:    st_orc_rangers, layout_diamond_mine, basic_altar, abandoned_shop

Skill      XL: |  1  2  3  4  5  6  7  8  9 10 11 12 13 14 15 16 17 |
---------------+----------------------------------------------------+-----
Long Blades    | 3 4 6 7 8 10 11 12 14 | 14.6
Dodging        | 1 2 3 4 6 7 8 10 11 12 15 16 | 16.1
Fighting       | 4 5 7 8 9 10 11 13 15 | 15.9
Throwing       | 1 2 4 6 7 8 9 |  9.2
Armour         | 4 5 6 7 8 9 10 | 10.9
Shields        | 4 6 7 8 |  8.0
Invocations    | 1 5 8 11 12 | 12.9
Evocations     | 1 4 6 7 8 9 |  9.1

Action                     |  1- 3 |  4- 6 |  7- 9 | 10-12 | 13-15 | 16-18 || total
---------------------------+-------+-------+-------+-------+-------+-------++-------
  Melee: Long sword        |    80 |    41 |    45 |       |       |       ||   166
         Falchion          |       |       |   152 |   565 |   259 |       ||   976
         Scimitar          |       |       |       |       |   322 |  1073 ||  1395
  Throw: Dart              |       |       |     1 |     1 |       |       ||     2
         Boomerang         |       |       |     1 |     3 |     1 |     7 ||    12
         Stone             |       |       |     1 |       |       |       ||     1
 Invoke: Heroism           |       |       |       |     8 |     2 |     2 ||    12
         Finesse           |       |       |       |     1 |     1 |     1 ||     3
  Evoke: Wand              |       |       |       |     5 |    14 |       ||    19
         Condenser vane    |       |       |       |     1 |     1 |       ||     2
    Use: Potion            |       |     1 |       |     5 |     6 |     1 ||    13
         Scroll            |       |       |    13 |     9 |     4 |     4 ||    30
   Stab: Confused          |       |       |       |       |       |     1 ||     1
 Armour: Scale mail        |    33 |    28 |    20 |       |       |       ||    81
         Chain mail        |       |       |    82 |    68 |       |       ||   150
         Fire dragon scale |       |       |    23 |   152 |   270 |    38 ||   483
         Crystal plate arm |       |       |       |       |       |   399 ||   399
         Skin              |       |       |       |       |       |     1 ||     1
  Dodge: Dodged            |    29 |    20 |    68 |   254 |   440 |   552 ||  1363
  Block: Buckler           |    11 |    13 |    74 |   148 |   239 |   345 ||   830

Table legend: (Time is in decaauts)
 A = Elapsed time spent in this place.
 B = Non-inter-level travel time spent in this place.
 C = Inter-level travel time spent in this place.
 D = Time resting spent in this place.
 E = Time spent auto-exploring this place.
 F = Levels seen in this place.
 G = Mean time per level.
                   A        B        C        D        E       F      G
               +--------+--------+--------+--------+--------+-----+--------+
         Total |  12229 |   9585 |   2644 |     32 |      0 |  29 |  421.7 |
       Dungeon |   7690 |   5496 |   2194 |      7 |      0 |  15 |  512.7 |
        Temple |     32 |     16 |     16 |      0 |      0 |   1 |   32.0 |
          Lair |   2022 |   1724 |    298 |      0 |      0 |   5 |  404.4 |
   Spider Nest |    225 |    214 |     11 |      3 |      0 |   3 |   75.0 |
  Orcish Mines |    849 |    725 |    124 |      0 |      0 |   2 |  424.5 |
         Abyss |    673 |    673 |      0 |      5 |      0 |   1 |  673.0 |
      Ice Cave |    567 |    567 |      0 |     17 |      0 |   1 |  567.0 |
      Gauntlet |    168 |    168 |      0 |      0 |      0 |   1 |  168.0 |
               +--------+--------+--------+--------+--------+-----+--------+

Top non-repeatable levels by time:
  Lair:5: 1112 daAuts
    D:13: 823 daAuts
    D:12: 792 daAuts
    D:10: 757 daAuts
     D:3: 744 daAuts
     D:4: 706 daAuts
     D:8: 689 daAuts
 Abyss:2: 673 daAuts
     D:9: 579 daAuts
   IceCv: 567 daAuts
     D:5: 559 daAuts
     D:6: 498 daAuts
   Orc:2: 477 daAuts
  Lair:2: 463 daAuts
   Orc:1: 371 daAuts
